 Dungeon Crawl Stone Soup version 0.29-a0-234-g0dae59b3db (webtiles) character file.

Game seed: 17224911704151114461

70 Inarius the Vandal (level 3, 0/28 HPs)
             Began as a Demigod Arcane Marksman on Mar 3, 2022.
             Slain by an adder (3 damage)
             ... on level 2 of the Dungeon.
             The game lasted 00:03:29 (2638 turns).

Inarius the Vandal (Demigod Arcane Marksman)        Turns: 2638, Time: 00:03:30

Health: 0/28       AC:  3    Str: 11    XL:     3   Next: 77%
Magic:  6/6        EV: 11    Int: 15    God:
Gold:   46         SH:  4    Dex: 18    Spells: 3/4 levels left

rFire   . . .      SeeInvis .   a - +0 hunting sling
rCold   . . .      Faith    .   g - +0 buckler
rNeg    . . .      Spirit   .   n - +0 leather armour
rPois   .          Reflect  .   (no helmet)
rElec   .          Harm     .   (no cloak)
rCorr   .          Rampage  .   (no gloves)
Will    .....                   (no boots)
Stlth   ++........              (no amulet)
HPRegen 0.09/turn               (no ring)
MPRegen 0.10/turn               (no ring)

@: invisible
A: high MP 1, forlorn, divine attributes
a: no special abilities


You were on level 2 of the Dungeon.
You visited 1 branch of the dungeon, and saw 3 of its levels.

You collected 46 gold pieces.

Inventory:

Hand Weapons
 a - a +0 hunting sling (weapon)
 b - a +0 mace
Armour
 d - a +0 robe
 g - a +0 buckler (worn)
 n - a +0 leather armour (worn)
Scrolls
 c - 2 scrolls of vulnerability {unknown}
 h - a scroll of immolation {unknown}
 j - a scroll of amnesia {unknown}
 m - a scroll of fear {unknown}
 o - a scroll of identify {unknown}
 p - a scroll of enchant weapon {unknown}
Potions
 i - a potion of resistance {unknown}
 k - a potion of flight {unknown}


   Skills:
 + Level 1.2 Fighting
 + Level 0.3 Maces & Flails
 * Level 3.4 Slings
 + Level 2.0 Dodging
 + Level 0.4 Stealth
 - Level 1.0 Spellcasting
 - Level 2.6 Hexes


You had 3 spell levels left.
You knew the following spells:

 Your Spells              Type           Power      Damage    Failure   Level
a - Slow                  Hex            32%        N/A       16%         1

Your spell library contained the following spells:

 Spells                   Type           Power      Damage    Failure   Level
 Inner Flame              Hex/Fire       4%         N/A       61%         3
 Portal Projectile        Hex/Tloc       8%         N/A       61%         3
 Cause Fear               Hex            4%         N/A       83%         4


Dungeon Overview and Level Annotations

Branches:
Dungeon (3/15)


Innate Abilities, Weirdness & Mutations

You have an increased reservoir of magic. (+10% MP)
You shall have no god before yourself.
Your divine heritage dramatically boosts your attributes as you level up.


Message History

The adder poisons you! The adder completely misses you.
You shoot a sling bullet.
The sling bullet closely misses the adder.
You feel sick. The adder completely misses you.
The adder bites you but does no damage.
You shoot a sling bullet. The sling bullet misses the adder.
You feel sick. The adder misses you. The adder bites you.
You are more poisoned.
The adder poisons you!
You shoot a sling bullet.
The sling bullet closely misses the adder.
You feel very sick. The adder bites you. x2
You are lethally poisoned!
The adder poisons you!
You are too injured to fight recklessly!
You are too injured to fight recklessly!
It was a potion of cancellation.
You feel magically purged.
* * * LOW HITPOINT WARNING * * *
You feel sick. The adder bites you.
* * * LOW HITPOINT WARNING * * *
It was a potion of curing.
You feel better. The adder bites you.
It was a potion of invisibility.
You fade into invisibility!
The adder bites you.
* * * LOW HITPOINT WARNING * * *
You are poisoned.
The adder poisons you!
* * * LOW HITPOINT WARNING * * *
You feel sick. The adder completely misses you. The adder barely misses you.
You climb upwards.
You feel sick.
There is a stone staircase leading down, spattered with blood here.
You feel sick.
You see here a jackal corpse.
You feel sick.
You feel sick.
You are no longer poisoned.
The adder misses you. The adder bites you.
You die...

.######.###### #...#
.#8...#.#..^.# ###.#
.###.##_##.### #.#
.#...........# #.#
.#.#.......#^# #.#
.#8^........8# #.#
#####.....#### #.#
..##.###...###########.#
....>†.........S@......#
...÷.###...#############
#.#### ##### ..# ###


You could see an adder.

Vanquished Creatures
  An adder (D:3)
  2 dart slugs (D:1)
  6 endoplasms
  A giant cockroach (D:2)
  5 hobgoblins
  7 jackals
  5 ball pythons
  5 bats
  3 frilled lizards
  6 goblins
  4 kobolds
  5 rats
50 creatures vanquished.

Notes
Turn   | Place    | Note
-------+----------+-------------------------------------------
     0 | D:1      | Inarius the Demigod Arcane Marksman began the quest for the
                  | Orb.
     0 | D:1      | Reached XP level 1. HP: 15/15 MP: 4/4
    73 | D:1      | Reached skill level 2 in Slings
   333 | D:1      | Reached XP level 2. HP: 5/22 MP: 5/5
  1059 | D:2      | Reached skill level 1 in Fighting
  1409 | D:2      | Reached XP level 3. HP: 28/28 MP: 6/6
  1787 | D:2      | Reached skill level 3 in Slings
  2638 | D:2      | Slain by an adder

Illustrated notes

Levels and vault maps discovered:
D:1:      dpeg_arrival_radiant, layout_loops_ring, st_stairs_6
D:2:      layout_loops_corners, shapermc_ecumenical_altar_mp_highgroup,
          serial_forest, infiniplex_forest_diagonal,
          infiniplex_forest_clump_long, infiniplex_forest_lined_3,
          infiniplex_forest_clump_cross, infiniplex_forest_zigzag_1,
          infiniplex_forest_straight_2, infiniplex_forest_straight_5,
          kennysheep_path_1
D:3:      layout_loops_cross, mainiacjoe_overflow_catwalk_spiral

Skill      XL: |  1  2  3 |
---------------+----------+-----
Slings         | 2 3 |  3.4
Dodging        | 2 |  2.0
Fighting       | 1 |  1.2
Maces & Flails | |  0.3
Stealth        | |  0.4
Spellcasting   | |  1.0
Hexes          | |  2.6

Action                   || total
-------------------------++-------
Melee: Mace              ||    26
 Fire: Hunting sling     ||   123
  Use: Potion            ||     3
 Stab: Sleeping          ||     1
Armor: Robe              ||     9
       Leather armour    ||    14
Dodge: Dodged            ||    86
Block: Buckler           ||    16

Table legend: (Time is in decaauts)
 A = Elapsed time spent in this place.
 B = Non-inter-level travel time spent in this place.
 C = Inter-level travel time spent in this place.
 D = Time resting spent in this place.
 E = Time spent auto-exploring this place.
 F = Levels seen in this place.
 G = Mean time per level.
                   A        B        C        D        E       F      G
               +--------+--------+--------+--------+--------+-----+--------+
         Total |   2690 |   2603 |     87 |    423 |   1758 |   3 |  896.7 |
       Dungeon |   2690 |   2603 |     87 |    423 |   1758 |   3 |  896.7 |
               +--------+--------+--------+--------+--------+-----+--------+

Top non-repeatable levels by time:
     D:2: 1517 daAuts
     D:1: 961 daAuts
     D:3: 211 daAuts
